 Dungeon Crawl Stone Soup version 0.15-a0-1387-gd422dff (webtiles) character file.

203 Amnesiac the Grave Robber (level 5, -3/28 HPs)
             Began as a Deep Elf Necromancer on June 9, 2014.
             Slain by a gnoll
             ... wielding a +0,+0 flail
              (15 damage)
             ... on Level 4 of the Dungeon.
             The game lasted 00:05:03 (1908 turns).

Amnesiac the Grave Robber (Deep Elf Necromancer)    Turns: 1908, Time: 00:05:03

HP  -3/28        AC  2     Str  5      XL: 5   Next: 51%
MP   1/18        EV 13     Int 21      God:
Gold 89          SH  0     Dex 15      Spells:  3 memorised,  6 levels left

rFire  . . .     SeeInvis .     (no weapon)
rCold  . . .     Clarity  .     a - +0 robe
rNeg   . . .     rCorr    .     (no shield)
rPois  .         rRot     .     (no helmet)
rElec  .         Spirit   .     (no cloak)
SustAb .         Warding  .     (no gloves)
rMut   .         Stasis   .     (no boots)
Gourm  .                        (no amulet)
MR     .....                    (no ring)
                                (no ring)

@: not resistant to hostile enchantments, unstealthy
A: no striking features
a: no special abilities


You were on level 4 of the Dungeon.
You were very hungry.

You visited 1 branch of the dungeon, and saw 4 of its levels.

You collected 89 gold pieces.

Inventory:

Hand weapons
 p - a +0,+0 cutlass
Missiles
 g - 9 poisoned needles
Armour
 a - a +0 robe (worn)
Magical devices
 m - a wand of polymorph (6) {unknown}
Comestibles
 c - 2 bread rations
Scrolls
 d - 4 scrolls of identify {unknown}
 e - 3 scrolls of teleportation {unknown}
 f - a scroll of fog {unknown}
 k - a scroll of fear {unknown}
 r - a scroll of remove curse {unknown}
 s - a scroll of random uselessness {unknown}
Jewellery
 h - a +4 ring of intelligence {unknown}
Potions
 i - a potion of curing
 j - a potion of lignification {unknown}
 l - 2 potions of heal wounds {unknown}
 n - a potion of degeneration {unknown}
 o - a potion of berserk rage
 q - a potion of restore abilities {unknown}
Books
 b - a book of Necromancy

   Spells                             Type                      Level
   *Pain                              Necromancy                   1
   Animate Skeleton                   Necromancy                   1
   *Vampiric Draining                 Necromancy                   3
   *Regeneration                      Charms/Necromancy            3
   Animate Dead                       Necromancy                   4
   Control Undead                     Necromancy                   4


   Skills:
 - Level 2.4 Dodging
 - Level 2.4 Stealth
 + Level 4.8 Spellcasting
 * Level 7.4 Necromancy


You had 6 spell levels left.
You knew the following spells:

 Your Spells              Type           Power        Failure   Level  Hunger
f - Vampiric Draining     Necr           #####.....   1%          3    ##.....
r - Regeneration          Chrm/Necr      ###.......   10%         3    ##.....
z - Pain                  Necr           ####         1%          1    None


Dungeon Overview and Level Annotations

Branches:
Dungeon (4/15)
 Temple: D:4-7

Altars:
Zin


Message History

The iguana convulses in agony!
You kill the iguana!
A gnoll comes into view. It is wielding a halberd.
A gnoll comes into view. It is wielding a dagger.
The gnoll moves out of view.
Things that are here:
a dagger; a goblin corpse You are feeling very hungry.
The gnoll shouts!
The gnoll unwields an uncursed dagger.
The gnoll drops an uncursed dagger.
The gnoll picks up a flail.
The gnoll wields a flail.
The goblin hits you with a dagger.
Read which item? (? for menu, Esc to quit)
Okay, then.
Drink which item? (? for menu, Esc to quit)
You feel better.
It was a potion of curing.
The gnoll hits you from afar with a spear.
The gnoll hits you with a flail!
Ouch! That really hurt!
You die...

###........%..=.....#
##..#....#.>....PP#
##......#..#......♣
#...##.###....#..P♣
#......%....)....♣..
##...............$...
###g...#....?..........
###...##g#r..%....#.....
###..g####@#........#.##.
#......# #g#<.......#.
#.(....# #g#.........
#......###g..........
#......g..g.........
#.....g#...#........
#......#.#.#........
#..................
#.................


You could see 3 gnolls, a hobgoblin and a goblin.

Vanquished Creatures
  A jelly (D:3)
  An iguana (D:4)
  2 orc wizards (D:3)
  2 giant mites (D:3)
  3 adders (D:3)
  A giant gecko (D:1)
  2 orcs (D:4)
  4 giant cockroaches
  7 hobgoblins
  6 jackals
  4 bats
  3 giant newts
  7 goblins
  9 kobolds
  6 rats
58 creatures vanquished.

Notes
Turn   | Place    | Note
--------------------------------------------------------------
     0 | D:1      | Amnesiac, the Deep Elf Necromancer, began the quest for the Orb.
     0 | D:1      | Reached XP level 1. HP: 10/10 MP: 5/5
   121 | D:1      | Reached skill level 5 in Necromancy
   260 | D:1      | Reached XP level 2. HP: 4/15 MP: 6/8
   849 | D:1      | Reached XP level 3. HP: 5/19 MP: 6/11
   854 | D:1      | Learned a level 3 spell: Regeneration
   858 | D:1      | Learned a level 3 spell: Vampiric Draining
  1079 | D:3      | Reached skill level 6 in Necromancy
  1207 | D:3      | Found a glowing silver altar of Zin.
  1454 | D:3      | Reached XP level 4. HP: 16/24 MP: 6/15
  1616 | D:3      | Reached skill level 7 in Necromancy
  1616 | D:3      | Reached XP level 5. HP: 8/28 MP: 4/18
  1908 | D:4      | Slain by a gnoll

Action                   |  1- 3 |  4- 6 || total
-------------------------+-------+-------++-------
Melee: Unarmed           |       |     2 ||     2
 Cast: Pain              |    70 |    21 ||    91
       Vampiric Draining |     3 |    12 ||    15
       Regeneration      |       |     1 ||     1
  Use: Potion            |       |     1 ||     1
